 Dungeon Crawl Stone Soup version 0.29.1-13-g9f3cf754e1 (webtiles) character file.

Game seed: 12363610653397146294

246 croobank the Sneak (level 6, 0/43 HPs)
             Began as an Octopode Delver on Jan 22, 2023.
             Succumbed to an orc wizard's poison
             ... on level 4 of the Dungeon.
             The game lasted 00:10:38 (4259 turns).

croobank the Sneak (Octopode Delver)                Turns: 4259, Time: 00:10:38

Health: 0/43       AC:  1    Str: 12    XL:     6   Next: 11%
Magic:  8/8        EV: 14    Int: 14    God:
Gold:   184        SH:  0    Dex: 13    Spells: 8/8 levels left

rFire   . . .      SeeInvis .   a - +0 hand axe
rCold   . . .      Faith    .   (no shield)
rNeg    . . .      Spirit   .   (helmet restricted)
rPois   .          Reflect  .   (no amulet)
rElec   .          Harm     .   (no ring)
rCorr   .          Rampage  .   (no ring)
Will    .....                   (no ring)
Stlth   +++++.....              (no ring)
HPRegen 0.14/turn               (no ring)
MPRegen 0.11/turn               (no ring)
                                (no ring)
                                (no ring)

@: lethally poisoned (0 -> -7), on berserk cooldown, slowed, very slow
A: almost no armour, amphibious, 8 rings, camouflage 1, gelatinous body 1,
(nimble swimmer 1), tentacles
a: no special abilities


You were on level 4 of the Dungeon.
You visited 1 branch of the dungeon, and saw 7 of its levels.

You collected 184 gold pieces.

Inventory:

Hand Weapons
 a - a +0 hand axe (weapon)
 d - a +0 short sword of speed
 h - a +0 rapier
 m - a +0 dagger
 y - a +0 long sword
Missiles
 s - 10 poisoned darts (quivered)
 x - 3 curare-tipped darts
Wands
 f - a wand of digging (3)
Scrolls
 b - a scroll of fog
 c - 2 scrolls of magic mapping
 g - a scroll of identify
 k - a scroll of fear
 l - a scroll of amnesia
 n - 3 scrolls of teleportation
 r - 2 scrolls of enchant armour
 u - 2 scrolls of vulnerability
 w - a scroll of immolation {unknown}
Potions
 e - 2 potions of haste
 i - 4 potions of curing
 j - a potion of resistance
 o - 2 potions of heal wounds
 p - a potion of brilliance
 q - 2 potions of ambrosia
 t - a potion of lignification
 z - a potion of magic


   Skills:
 + Level 4.0 Fighting
 + Level 3.3 Axes
 + Level 3.2 Dodging
 + Level 7.7 Stealth
 + Level 1.7 Spellcasting


You had 8 spell levels left.
You didn't know any spells.
Your spell library contained the following spells:

 Spells                   Type           Power      Damage    Failure   Level
 Inner Flame              Hex/Fire       1%         N/A       58%         3
 Cause Fear               Hex            0%         N/A       94%         4
 Discord                  Hex            0%         N/A       100%        8


Dungeon Overview and Level Annotations

Branches:
Dungeon (7/15)
 Temple: D:4-7

Altars:
Fedhas
Kikubaaqudgha
Qazlal
Yredelemnul

Shops:
D:4 :

Annotations:
D:4 Eustachio
D:7 4 runed translucent doors


Innate Abilities, Weirdness & Mutations

You cannot wear most types of armour.
You are amphibious.
You can wear up to eight rings at the same time.
Your skin changes colour to match your surroundings (Stealth+).
Your rubbery body absorbs attacks. (AC +1, EV +1)
((You are camouflaged when in or above water. (Stealth+)))
You have tentacles for arms and can constrict up to eight enemies at once.


Message History

You feel very sick.
a - a +0 hand axe (weapon)
* * * LOW HITPOINT WARNING * * *
You feel sick.
You hit something. You squeeze something.
Reactivating autopickup.
You feel a bit more experienced.
You hit the orc. You barely miss the orc.
* * * LOW HITPOINT WARNING * * *
You feel very sick. The orc hits you with a +0 hand axe!
* * * LOW HITPOINT WARNING * * *
The orc misses you.
Your Fighting skill increases to level 4!
You have reached level 6!
You barely miss the orc. You grab the orc. You barely miss the orc.
You constrict the orc, but do no damage.
* * * LOW HITPOINT WARNING * * *
You feel sick. The orc barely misses you. x2
You slash the orc!
You kill the orc!
You hit the orc.
You kill the orc!
* * * LOW HITPOINT WARNING * * *
You feel sick.
You are too berserk!
You are too berserk!
* * * LOW HITPOINT WARNING * * *
You feel sick.
There is a stormy altar of Qazlal here.
You are too berserk!
You are too berserk!
Unknown command.
Press < or > to pray at altars.
You feel a strong urge to attack something.
* * * LOW HITPOINT WARNING * * *
You feel sick.
You are no longer berserk.
You are exhausted.
You feel yourself slow down.
You die...

##PP.#. #
#.PPPP#.#
#.P_PP#.##
#PP.PP...#### #
##.P.P.......#
#.#............#
#....))^.......#
#.#[##......#
#≈§@§)......#
#§≈§§#......# ##
###.#.#.##### #.
###.#.# #. #.#.#
# #.#.# #.#.#
#.#.#
##.#.######....#


There were no monsters in sight!

Vanquished Creatures
  A necrophage (D:4)
  An orc wizard (D:4)
  6 adders
  4 worms
  3 dart slugs
  7 orcs
  3 endoplasms
  4 giant cockroaches
  10 goblins
  8 hobgoblins
  3 quokkas
  7 ball pythons
  6 bats
  3 frilled lizards
  8 kobolds
  4 rats
78 creatures vanquished.

Notes
Turn   | Place    | Note
-------+----------+-------------------------------------------
     0 | D:5      | croobank the Octopode Delver began the quest for the Orb.
     0 | D:5      | Reached XP level 1. HP: 16/16 MP: 1/1
     8 | D:7      | Noticed an acid dragon
     8 | D:7      | Noticed a gargoyle
     8 | D:7      | Found a large runed translucent door.
     8 | D:7      | Found a large runed translucent door.
    33 | D:7      | Found an ancient bone altar of Kikubaaqudgha.
    69 | D:7      | Noticed a howler monkey
    87 | D:7      | Found a large runed translucent door.
    87 | D:7      | Found a large runed translucent door.
   106 | D:7      | Noticed an iguana
   264 | D:4      | Noticed Eustachio
   280 | D:4      | Found Iren's Book Emporium.
   495 | D:3      | Reached XP level 2. HP: 10/21 MP: 2/2
  1288 | D:1      | Reached XP level 3. HP: 25/26 MP: 3/3
  1512 | D:1      | Reached skill level 7 in Stealth
  1814 | D:1      | Found a faded altar of an unknown god.
  2103 | D:2      | Found a basalt altar of Yredelemnul.
  2603 | D:2      | Reached XP level 4. HP: 21/31 MP: 4/4
  3510 | D:3      | Reached skill level 1 in Spellcasting
  3537 | D:3      | Reached XP level 5. HP: 37/37 MP: 6/6
  4233 | D:4      | Found a stormy altar of Qazlal.
  4233 | D:4      | Found a blossoming altar of Fedhas.
  4255 | D:4      | Reached XP level 6. HP: 7/43 MP: 8/8
  4256 | D:4      | HP: 3/64 [poisoned by an orc wizard]
  4257 | D:4      | HP: 1/64 [poisoned by an orc wizard]
  4259 | D:4      | Succumbed to an orc wizard's poison

Illustrated notes

Levels and vault maps discovered:
D:1:      dpeg_arrival_ternary, layout_loops_ring, basic_ecumenical_altar
D:2:      layout_loops_ring, basic_altar
D:3:      layout_basic, skrybe_limestone_x
D:4:      layout_rooms, grunt_temple_overflow_forces_of_nature, serial_shops,
          shop, moated_statue, minmay_pentangle, uniq_eustachio
D:5:      layout_loops_cross, tso_metal_star, minmay_fractal_squares_gapless_5,
          uniq_blork_the_orc
D:6:      layout_basic, mainiacjoe_overflow_two_lobes,
          minmay_temple_entry_antechambers, gammafunk_ghost_hive,
          nicolae_shop_gadgets, uniq_crazy_yiuf_cottage, uniq_duvessa
D:7:      layout_loops_cross, lemuel_doored_altar, mainiacjoe_overflow_paths,
          minmay_hollow_rounded_squares

Skill      XL: |  1  2  3  4  5 |
---------------+----------------+-----
Stealth        | 7 |  7.7
Spellcasting   | 1 |  1.7
Axes           | 3 |  3.3
Dodging        | 3 |  3.2
Fighting       | 4 |  4.0

Action                   |  1- 3 |  4- 6 || total
-------------------------+-------+-------++-------
Melee: Hand axe          |    88 |    29 ||   117
       Constrict         |    22 |    16 ||    38
       Tentacles         |    17 |    15 ||    32
       Short sword       |       |    42 ||    42
       Punch             |       |     1 ||     1
  Use: Scroll            |       |    14 ||    14
       Potion            |       |     1 ||     1
 Stab: Sleeping          |    22 |     7 ||    29
Armor: Skin              |     8 |     3 ||    11
Dodge: Dodged            |    31 |    59 ||    90
